 Dungeon Crawl Stone Soup version 0.24-a0-769-g368c164 (webtiles) character file.

Game seed: 10326872797475838160, levelgen mode: deterministic

39 scarywalker64 the Caller (level 3, -1/27 HPs)
             Began as a Demigod Summoner on Oct 7, 2019.
             Slain by a hobgoblin (5 damage)
             ... on level 1 of the Dungeon.
             The game lasted 00:03:11 (2157 turns).

scarywalker64 the Caller (Demigod Summoner)         Turns: 2157, Time: 00:03:12

Health: -1/27      AC:  2    Str: 13    XL:     3   Next: 11%
Magic:  8/8        EV: 13    Int: 19    God:
Gold:   61         SH:  0    Dex: 16    Spells: 4/5 levels left

rFire    . . .     SeeInvis .   g - +1 hunting sling (flame)
rCold    . . .     Gourm    .   (no shield)
rNeg     . . .     Faith    .   a - +0 robe
rPois    .         Spirit   .   (no helmet)
rElec    .         Reflect  .   (no cloak)
rCorr    .         Harm     .   (no gloves)
MR       .....                  (no boots)
Stlth    ++........             (no amulet)
HPRegen  0.09/turn              (no ring)
MPRegen  0.11/turn              (no ring)

@: no status effects
A: high mp 1
a: no special abilities


You were on level 1 of the Dungeon.
You were not hungry.

You visited 1 branch of the dungeon, and saw 2 of its levels.

You collected 61 gold pieces.

Inventory:

Hand Weapons
 e - a +2 hand axe of chopping
 g - a +1 hunting sling of flaming (weapon)
Missiles
 d - 48 stones (quivered)
 j - 48 arrows
Armour
 a - a +0 robe (worn)
Scrolls
 h - a scroll of noise {unknown}
 i - a scroll of fog {unknown}
 k - 2 scrolls of identify {unknown}
Potions
 b - 4 potions of curing
 f - a potion of lignification {unknown}
 l - a potion of degeneration {unknown}
Comestibles
 c - 3 rations
 m - 8 chunks of flesh


   Skills:
 * Level 0.4 Fighting
 + Level 0.2 Axes
 * Level 0.6 Slings
 + Level 2.1 Dodging
 - Level 2.0 Stealth
 * Level 1.7 Spellcasting
 * Level 4.1 Summonings


You had 4 spell levels left.
You knew the following spells:

 Your Spells              Type           Power        Failure   Level  Hunger
a - Summon Small Mammal   Summ           ###.         3%          1    #......

Your spell library contained the following spells:

 Spells                   Type           Power        Failure   Level  Hunger
 Call Imp                 Summ           ###.....     4%          2    ###....
 Call Canine Familiar     Summ           ###.....     10%         3    ###....
 Summon Guardian Golem    Hex/Summ       #.......     22%         3    ###....
 Summon Ice Beast         Ice/Summ       #.......     58%         4    #####..
 Summon Lightning Spire   Summ/Air       #.......     58%         4    #####..


Dungeon Overview and Level Annotations

Branches:
Dungeon (2/15)


Innate Abilities, Weirdness & Mutations

You have an increased reservoir of magic. (+10% MP)


Message History

You climb upwards.
There is a stone staircase leading down here.
Okay, then.
Firing (i - inventory)
d - 50 stones (quivered)
Press: ? - help, Shift-Dir - straight line, f - adder
Aim: an adder You shoot a stone.
The stone closely misses the adder.
The adder bites you. The jackal barely misses you.
The hobgoblin barely misses you. The adder misses you.
Firing (i - inventory)
d - 49 stones (quivered)
Press: ? - help, Shift-Dir - straight line, f/p - adder
Aim: an adder You shoot a stone.
The stone hits the adder but does no damage.
The jackal bites you.
* * * LOW HITPOINT WARNING * * *
The adder bites you.
* * * LOW HITPOINT WARNING * * *
The hobgoblin hits you.
You die...

#.....# ##
#.....#######
#...........#
######.......#
#............'
#............#
#######............#
#.÷hg..............#
#..@÷.........####..
#..S..........#..'..
#..(..........#.##..
###############.##..
#.##.. ########.##..
#........####
#.######## #.#


You could see an adder, a jackal and a hobgoblin.

Vanquished Creatures
  An ooze (D:1)
  A leopard gecko (D:2)
  5 bats
  2 giant cockroaches (D:1)
  4 hobgoblins
  3 jackals (D:1)
  4 kobolds (D:1)
  2 frilled lizards
  5 goblins
  2 rats (D:2)
29 creatures vanquished.

Vanquished Creatures (collateral kills)
  A hobgoblin (D:1)
1 creature vanquished.

Grand Total: 30 creatures vanquished

Notes
Turn   | Place    | Note
-------+----------+-------------------------------------------
     0 | D:1      | scarywalker64 the Demigod Summoner began the quest for the
                  | Orb.
     0 | D:1      | Reached XP level 1. HP: 14/14 MP: 5/5
   942 | D:1      | Reached XP level 2. HP: 19/20 MP: 7/7
  1217 | D:1      | Reached skill level 4 in Summonings
  1808 | D:2      | Found a stormy altar of Qazlal.
  1808 | D:2      | Found a snail-covered altar of Cheibriados.
  1809 | D:2      | Found a shadowy altar of Dithmenos.
  1955 | D:2      | Reached XP level 3. HP: 26/26 MP: 8/8
  2157 | D:1      | Slain by a hobgoblin

Levels and vault maps discovered:
D:1:      dpeg_arrival_water_fire, layout_basic, minmay_cupped
D:2:      layout_rooms, lemuel_coloured_pillars_altar,
          gammafunk_temple_overflow_claw, first_ration, uniq_crazy_yiuf_cottage

Skill      XL: |  1  2 |
---------------+-------+-----
Dodging        | 2 |  2.1
Summonings     | 4 |  4.1
Stealth        | 2 |  2.0
Fighting       | |  0.4
Axes           | |  0.2
Slings         | |  0.6
Spellcasting   | |  1.7

Action                   || total
-------------------------++-------
Melee: Unarmed           ||    26
       Club              ||     6
       Hand axe          ||    23
 Fire: Hunting sling     ||    35
 Cast: Summon Small Mamm ||     4
  Use: Potion            ||     1
 Stab: Sleeping          ||     6
  Eat: Chunk             ||     4
Armor: Robe              ||    30
Dodge: Dodged            ||    77

Table legend:
 A = Non-vault XP
 B = Vault XP
 C = Vault XP percentage of total XP
 D = Non-vault monster count
 E = Vault monster count
 F = Vault count percentage of total count
                 A         B        C        D         E       F
            +---------+---------+-------+---------+---------+-------
      Total |      52 |       4 |   7.1 |      27 |       3 |  10.0
            +---------+---------+-------+---------+---------+-------
        D:1 |      37 |       4 |   9.8 |      18 |       3 |  14.3
        D:2 |      15 |       0 |   0.0 |       9 |       0 |   0.0
            +---------+---------+-------+---------+---------+-------
